 Dungeon Crawl Stone Soup version 0.22.1-6-g1668fe2 (webtiles) character file.

3056 doot the Purveyor of Pain (level 9, -10/61 HPs)
             Began as a Demonspawn Necromancer on Jan 28, 2019.
             Was an Initiate of Kikubaaqudgha.
             Shot with a sling bullet by Joseph (14 damage)
             ... on level 8 of the Dungeon.
             The game lasted 00:33:04 (8259 turns).

doot the Purveyor of Pain (Demonspawn Necromancer)  Turns: 8259, Time: 00:33:06

Health: -10/61     AC:  8    Str:  7 (10) XL:     9   Next: 57%
Magic:  0/20       EV: 13    Int: 24 (26) God:    Kikubaaqudgha [......]
Gold:   274        SH:  0    Dex: 12 (15) Spells: 11/23 levels left

rFire    . . .     SeeInvis .   D - staff of wizardry
rCold    . . .     Gourm    .   (no shield)
rNeg     + . .     Faith    .   a - +0 robe
rPois    .         Spirit   +   F - +0 helmet
rElec    .         Reflect  .   G - +0 cloak
rCorr    .         Harm     .   n - +0 pair of gloves
MR       .....     Rnd*Tele +   (no boots)
Stlth    +.........             (no amulet)
HPRegen  0.20/turn              m - ring "Dewidilo" {rN+ Int+7 Dex+2 Stlth-}
MPRegen  0.17/turn              b - ring of teleportation (curse)

@: about to teleport
A: hooves 2, yellow scales 2, magic shield, rot immunity
a: Renounce Religion


You were on level 8 of the Dungeon.
You worshipped Kikubaaqudgha.
Kikubaaqudgha was noncommittal.
You were hungry.

You visited 1 branch of the dungeon, and saw 8 of its levels.
You also visited: Ossuary.

You collected 274 gold pieces.

Inventory:

Hand Weapons
 d - a +0 short sword
 s - a +2 dagger of venom
 w - a +0 blowgun
Missiles
 x - 10 poisoned needles
 y - 6 needles of paralysis
Armour
 a - a +0 robe (worn)
 n - a +0 pair of gloves (worn)
 z - a scarf of spirit shield
 F - a +0 helmet (worn)
 G - a +0 cloak (worn)
Magical Staves
 D - an uncursed staff of wizardry (weapon)
Jewellery
 b - a cursed ring of teleportation (right hand)
 m - the ring "Dewidilo" (left hand) {rN+ Int+7 Dex+2 Stlth-}
   (You found it on level 8 of the Dungeon)

   [ring of positive energy]

   It affects your intelligence (+7).
   It affects your dexterity (+2).
   It protects you from negative energy.
   It makes you less stealthy.
 H - an uncursed ring of see invisible
 K - an uncursed ring of poison resistance
 M - a +6 ring of protection {unknown}
Wands
 I - a wand of flame (20)
Scrolls
 f - 3 scrolls of noise {unknown}
 i - 8 scrolls of identify {unknown}
 l - a scroll of magic mapping
 p - 4 scrolls of remove curse
 t - a scroll of fog
 v - 5 scrolls of teleportation
 A - a scroll of enchant weapon {unknown}
 E - 2 scrolls of immolation
Potions
 e - a potion of magic {unknown}
 g - a potion of degeneration
 h - 2 potions of might
 j - 2 potions of flight {unknown}
 k - 3 potions of agility
 o - 2 potions of curing {unknown}
 q - a potion of brilliance {unknown}
 r - a potion of resistance {unknown}
 u - a potion of ambrosia {unknown}
 B - 2 potions of heal wounds {unknown}
 C - 2 potions of haste
 J - a potion of lignification {unknown}
 L - a potion of mutation {unknown}
Comestibles
 c - 7 rations


   Skills:
 + Level 1.9 Fighting
 + Level 1.2 Short Blades
 + Level 2.7 Staves
 + Level 3.7 Dodging
 + Level 2.7 Stealth
 + Level 7.5 Spellcasting
 + Level 1.3 Charms
 + Level 10.4 Necromancy
 + Level 0.4 Evocations


You had 11 spell levels left.
You knew the following spells:

 Your Spells              Type           Power        Failure   Level  Hunger
a - Pain                  Necr           ####         1%          1    None
b - Animate Skeleton      Necr           N/A          1%          1    None
c - Regeneration          Chrm/Necr      #####.....   1%          3    None
d - Animate Dead          Necr           N/A          1%          4    ###....
e - Vampiric Draining     Necr           ######....   1%          3    None

Your spell library contained the following spells:

 Spells                   Type           Power        Failure   Level  Hunger


Dungeon Overview and Level Annotations

Branches:
Dungeon (8/15)
 Temple: D:4-7         Lair: D:8-11

Altars:
Cheibriados
Kikubaaqudgha
Okawaru
Qazlal
Ru
Xom
Yredelemnul

Annotations:
D:8 Joseph


Innate Abilities, Weirdness & Mutations

You have hoof-like feet.
You are mostly covered in yellow scales. (AC +3)
When hurt, damage is shared between your health and your magic reserves.
You are immune to rotting.


Message History

Your sky beast zombie hits the wyvern but does no damage.
You see here a sling bullet.
As you read the scroll of teleportation, it crumbles to dust.
You feel strangely unstable.
The wyvern bites your hippogriff zombie!
Your hippogriff zombie bites the wyvern but does no damage.
Your hippogriff zombie pecks the wyvern but does no damage.
Your hippogriff zombie claws the wyvern but does no damage.
Joseph shoots a sling bullet.
The sling bullet hits you!
* * * LOW HITPOINT WARNING * * *
Your sky beast zombie hits the wyvern but does no damage.
The wyvern bites your hippogriff zombie.
It was a potion of degeneration.
There was something very wrong with that liquid.
You feel weakened.
You feel dopey.
You feel clumsy.
The wyvern bites your hippogriff zombie!
Your hippogriff zombie is destroyed!
Joseph shoots a sling bullet.
The sling bullet hits you!
You die...
Kikubaaqudgha rasps: "You have failed me!
Welcome... death!"

.. ...#...#.## #..#
.# ## .. #...#..#
#..# . #...##.# #..#
.. #...##.## #..#
... #...##.(# #..#
..$.#...###(# #.
..$....###@## #.
...##..Z.....##.. ..
........l@........
#.
....#.#)..........
#. . # #...#.......#
#.
#.#.#.......#######.
#.#.#...............
#.#.#..#..#.#######.
#......#... ######.
###.. .# #......
#.#####


You could see Joseph, a wyvern (unaware) and a friendly sky beast zombie.

Vanquished Creatures
  Pikel (D:5)
  Sigmund (D:5)
  An ice beast (D:6)
  A phantom (D:5)
  3 sky beasts
  2 centaurs
  3 bullfrogs
  A wyvern skeleton (D:7)
  9 scorpions
  A bullfrog zombie (D:6)
  2 centaur zombies (Ossuary)
  A hound (D:7)
  2 human zombies (Ossuary)
  An orc priest (D:5)
  4 iguanas
  2 orc wizards
  Jessica (D:2)
  5 worker ants
  A big kobold zombie (Ossuary)
  3 mummies (Ossuary)
  Robin (D:2)
  8 adders
  11 gnolls
  3 scorpion zombies (Ossuary)
  A shadow imp (D:8)
  2 oozes
  5 dart slugs
  5 leopard geckos
  14 orcs
  2 ball pythons (D:3)
  5 bats (D:1)
  3 giant cockroaches
  8 hobgoblins
  A jackal (D:6)
  8 kobolds
  A quokka (D:8)
  4 frilled lizards
  11 goblins
  A goblin zombie (D:5)
  3 hobgoblin zombies (Ossuary)
  A quokka zombie (D:5)
  8 rats
151 creatures vanquished.

Vanquished Creatures (collateral kills)
  A hippogriff (D:8)
  A bullfrog (D:6)
  A scorpion (Ossuary)
  A big kobold zombie (Ossuary)
  A scorpion zombie (Ossuary)
  A shadow imp (D:6)
  An ooze (D:1)
  An adder zombie (D:6)
  An adder skeleton (D:6)
  A giant cockroach zombie (D:6)
  A gnoll zombie (Ossuary)
  A goblin zombie (Ossuary)
  An orc zombie (Ossuary)
13 creatures vanquished.

Vanquished Creatures (others)
  A slave (D:6)
  A scorpion (Ossuary)
  A scorpion zombie (Ossuary)
  A gnoll zombie (Ossuary)
  A hobgoblin zombie (Ossuary)
  An orc zombie (Ossuary)
6 creatures vanquished.

Grand Total: 170 creatures vanquished

Notes
Turn   | Place    | Note
-------+----------+-------------------------------------------
     0 | D:1      | doot the Demonspawn Necromancer began the quest for the
                  | Orb.
     0 | D:1      | Reached XP level 1. HP: 13/13 MP: 3/3
   245 | D:1      | Gained mutation: You are partially covered in yellow
                  | scales. (AC +2) [demonic ancestry]
   245 | D:1      | Reached XP level 2. HP: 18/19 MP: 1/5
   335 | D:1      | Learned a level 1 spell: Animate Skeleton
   550 | D:1      | Reached skill level 5 in Necromancy
   829 | D:1      | Reached XP level 3. HP: 18/24 MP: 0/6
   889 | D:1      | Learned a level 3 spell: Regeneration
  1190 | D:2      | Noticed Robin
  1413 | D:2      | Noticed Jessica
  1417 | D:2      | Killed Jessica
  1418 | D:2      | Gained mutation: You are immune to rotting. [demonic
                  | ancestry]
  1418 | D:2      | Reached XP level 4. HP: 12/30 MP: 1/8
  1694 | D:2      | Killed Robin
  1731 | D:2      | You fall through a shaft for 2 floors!
  1898 | D:4      | Reached skill level 6 in Necromancy
  2167 | D:3      | Gained mutation: You have large cloven feet. [demonic
                  | ancestry]
  2167 | D:3      | Reached XP level 5. HP: 23/35 MP: 0/9
  2410 | D:3      | Noticed a centaur
  2425 | D:3      | Killed a centaur
  2839 | D:4      | Reached XP level 6. HP: 41/41 MP: 11/11
  3038 | D:4      | Learned a level 4 spell: Animate Dead
  3042 | D:4      | Learned a level 3 spell: Vampiric Draining
  3323 | D:4      | Reached skill level 1 in Short Blades
  3336 | D:5      | Entered Level 5 of the Dungeon
  3407 | D:5      | Reached skill level 7 in Necromancy
  3481 | D:5      | Found a shimmering altar of Xom.
  3667 | D:5      | Found a sand-covered staircase.
  3675 | Ossuary  | Entered an ossuary
  3741 | Ossuary  | Gained mutation: You are mostly covered in yellow scales.
                  | (AC +3) [demonic ancestry]
  3741 | Ossuary  | Reached XP level 7. HP: 43/47 MP: 7/14
  4011 | Ossuary  | Reached skill level 1 in Staves
  4195 | Ossuary  | Reached skill level 1 in Fighting
  4195 | Ossuary  | Reached skill level 5 in Spellcasting
  4557 | Ossuary  | Reached skill level 1 in Charms
  4873 | D:5      | Gained mutation: You have hoof-like feet. [demonic
                  | ancestry]
  4873 | D:5      | Reached XP level 8. HP: 52/54 MP: 11/15
  5194 | D:6      | Reached skill level 8 in Necromancy
  5213 | D:6      | Found a snail-covered altar of Cheibriados.
  5306 | D:6      | Noticed Pikel
  5382 | D:6      | Found an iron altar of Okawaru.
  5397 | D:6      | Found a stormy altar of Qazlal.
  5425 | D:6      | Found a basalt altar of Yredelemnul.
  5981 | D:7      | Found an ancient bone altar of Kikubaaqudgha.
  5984 | D:7      | Became a worshipper of Kikubaaqudgha
  6275 | D:5      | Noticed Sigmund
  6289 | D:5      | Killed Sigmund
  6289 | D:5      | Reached skill level 9 in Necromancy
  6484 | D:5      | Killed Pikel
  6484 | D:5      | Gained mutation: When hurt, damage is shared between your
                  | health and your magic reserves. [demonic ancestry]
  6484 | D:5      | Reached XP level 9. HP: 14/61 MP: 1/19
  7167 | D:7      | Found a sacrificial altar of Ru.
  7594 | D:6      | Reached skill level 10 in Necromancy
  7866 | D:8      | Got a shimmering platinum ring
  7868 | D:8      | Identified the ring "Dewidilo" {rN+ Int+7 Dex+2 Stlth-}
                  | (You found it on level 8 of the Dungeon)
  8256 | D:8      | Noticed Joseph
  8259 | D:8      | Shot with a sling bullet by Joseph

Skill      XL: |  1  2  3  4  5  6  7  8  9 |
---------------+----------------------------+-----
Stealth        | 2 |  2.7
Necromancy     | 5 6 7 9 10 | 10.4
Spellcasting   | 3 4 5 7 |  7.5
Short Blades   | 1 |  1.2
Dodging        | 2 3 |  3.7
Staves         | 2 |  2.7
Fighting       | 1 |  1.9
Charms         | 1 |  1.3
Evocations     | |  0.4

Action                   |  1- 3 |  4- 6 |  7- 9 || total
-------------------------+-------+-------+-------++-------
Melee: Short sword       |     3 |    13 |       ||    16
       Dagger            |       |    34 |       ||    34
       Kick              |       |     8 |    85 ||    93
       Staff             |       |       |   331 ||   331
 Cast: Pain              |    53 |   102 |   188 ||   343
       Animate Skeleton  |     7 |    20 |     7 ||    34
       Regeneration      |       |     8 |    30 ||    38
       Vampiric Draining |       |     1 |       ||     1
       Animate Dead      |       |       |    17 ||    17
Evoke: Wand              |       |       |     3 ||     3
  Use: Scroll            |       |     6 |     4 ||    10
       Potion            |       |       |     3 ||     3
 Stab: Sleeping          |       |     1 |       ||     1
       Distracted        |       |       |     2 ||     2
  Eat: Chunk             |     2 |     8 |     7 ||    17
       Ration            |       |       |     4 ||     4
Armor: Robe              |    15 |    16 |   134 ||   165
Dodge: Dodged            |    12 |    45 |   252 ||   309
